[Event "E World Cup 2023"]
[Site "Chess.com"]
[Date "2023.08.01"]
[Round "1"]
[White "Sanal, Vahap"]
[Black "Kozul, Zdenko"]
[Result "1-0"]
[WhiteElo "2585"]
[BlackElo "2532"]
[ECO "B63"]
[EventDate "2023.??.??"]
[Annotator "rafael"]
[PlyCount "77"]
[Beauty "7767448365093"]
[EventType "team-tourn"]
[EventCountry "FID"]
[TimeControl "40/5400+30:1800+30"]

1.e4 c5 2.Nf3 d6 3.d4 cxd4 4.Nxd4 Nf6 5.Nc3 Nc6 6.Bg5 e6 7.Qd2 Qb6 {Kozul is a great expert in the Classic Sicilian Variation. He used to play a line that, for some reason, became known as the \"Suicide Variation.\" This time he decided to try something more solid.} ( 7...a6 8.O-O-O Bd7 9.f4 b5 {From what I know, this is the unfairly named \"Suicide Variation.\" Despite the scary nickname, many elite grandmasters play it nowadays. Kozul tried this line in the third game of the match but was defeated.} ) 8.Nb3 {This is considered the most dangerous move, avoiding exchanges.} ( 8.O-O-O {This is also possible, although the queens are exchanged, and this is usually not desired by an attacking player.} 8...Qxd4 9.Qxd4 Nxd4 10.Rxd4 a6 ) 8...a6 9.O-O-O Be7 10.f3 O-O {We have a typical English Attack fight on the board. The two players will start to advance the pawns toward their opponent's king, and the question is who will get there first.} 11.h4 ( 11.Kb1 {I like to stick to the principle of playing Kb1 right after castling unless I have a good reason not to.} 11...Rd8 12.Be3 Qc7 13.Qf2 Nd7 14.h4 {I prefer White. This position has been tested in many important games.} ) 11...Qc7 12.h5 h6 13.Bf4 $2 ( 13.Bxf6 $1 {[%c_effect f6;square;f6;type;GreatFind;persistent;true] is the best chance to fight for an advantage. It's difficult to part with this bishop, but White wins a pawn to compensate.} 13...Bxf6 14.Qxd6 Qb6 15.f4 ( 15.Qc5 Qc7 ) ) ( 13.Be3 {is also not enough:} 13...d5 $5 ( 13...Ne5 {is a good option.} ) 14.exd5 Rd8 {with an equal position.} ) 13...Ne5 14.Kb1 b5 {Black's attack is much faster.} 15.Ne2 Nc4 16.Qc1 e5 17.Bg3 Be6 18.Bh4 a5 19.g4 a4 20.Na1 {Black has achieved everything he could dream of. The knight on a1 makes a sad impression. Indeed, it will take a long time to get it out of the corner of the board.} 20...d5 $1 21.g5 ( 21.Bxf6 {loses after} 21...Bxf6 22.exd5 Bg5 23.f4 exf4 24.dxe6 f3 ) 21...hxg5 ( 21...Bc5 $5 {[%c_effect c5;square;c5;type;Interesting;persistent;true] wins by force with some accurate moves:} 22.Nd4 {The best chance.} ( 22.gxf6 {loses the queen after} 22...Be3 ) ( 22.c3 Be3 23.Qc2 hxg5 {is easily winning.} ) ( 22.Rd3 dxe4 ) 22...Nxe4 23.fxe4 Bxd4 24.Rxd4 exd4 25.gxh6 dxe4 {White's attack can be parried.} 26.hxg7 ( 26.Rg1 g6 ) 26...Kxg7 ) 22.Qxg5 Rfe8 {A good move, protecting the e7-bishop and preparing a discovered attack on the queen.} 23.h6 ( 23.Rg1 Ng4 $1 ) 23...g6 24.h7+ $1 Nxh7 $6 ( 24...Kg7 $1 {[%c_effect g7;square;g7;type;GreatFind;persistent;true] is stronger:} 25.Qh6+ Kh8 {White's attack is over and Black has an overwhelming advantage.} ( {Of course not} 25...Kxh6 $4 26.Bxf6+ ) ) 25.Qh6 Bf8 26.Qxh7+ $1 Kxh7 27.Bd8+ ( 27.Bf6+ $2 {[%c_effect f6;square;f6;type;Mistake;persistent;true] doesn't work:} 27...Bh6 28.Bg2 {Threatening 29.Rxh6 followed by Rh1, but Black has time to give his king an escaping square.} 28...g5 $1 ) 27...Kg8 28.Bxc7 dxe4 {Even though White is a piece up, Black is still much better. The knight on a1 doesn't count much.} 29.Nc3 $2 ( 29.f4 {is the best chance.} ) ( 29.fxe4 $2 Rac8 {regains the piece.} ) 29...Ne3 $2 ( 29...exf3 $1 30.Nxb5 e4 {Black's pieces and pawns are very strong, and the position is winning.} ) 30.Re1 Nxf1 31.Rexf1 $2 ( 31.Nxe4 $1 {[%c_effect e4;square;e4;type;GreatFind;persistent;true] is more accurate, with the advantage.} ) 31...Bc4 $2 ( 31...exf3 $1 {[%c_effect f3;square;f3;type;GreatFind;persistent;true] is better:} 32.Bxe5 ( 32.Rxf3 Bg7 ) 32...Bg7 33.Bxg7 Kxg7 {with an excellent position for Black.} ) 32.Nxe4 $1 Bxf1 $2 {[%c_effect f1;square;f1;type;Mistake;persistent;true] The final mistake.} ( 32...Bg7 {is not enough:} 33.Nd6 $1 Bxf1 34.Nxe8 ) ( 32...Re7 $1 {[%c_effect e7;square;e7;type;GreatFind;persistent;true] is the best chance. White needs to find some strong moves to keep the advantage:} 33.Bd6 Re6 34.Rf2 $1 {[%c_effect f2;square;f2;type;GreatFind;persistent;true] A difficult move.} ( 34.Bxf8 Bxf1 ) 34...f5 ( 34...Bxd6 $2 35.Rfh2 {wins material.} ) 35.Bxf8 fxe4 36.Bc5 exf3 37.c3 {The passed pawns can be blocked, and White is better.} ) 33.Nf6+ Kg7 34.Nxe8+ Rxe8 35.Rxf1 f5 36.c3 $1 {[%c_effect c3;square;c3;type;GreatFind;persistent;true] The knight finally prepares to return to the game.} 36...Kf6 37.Nc2 Bc5 38.Rd1 Ke6 39.Nb4 {It's ironic that the poor knight makes the last move of the game, a much deserved outcome after surviving so many misfortunes.} 1-0

[Event "E World Cup 2023"]
[Site "Chess.com"]
[Date "2023.08.03"]
[Round "2"]
[White "Mamedyarov, Shakhriyar"]
[Black "Tin, Jingyao"]
[Result "0-1"]
[WhiteElo "2742"]
[BlackElo "2573"]
[ECO "D30"]
[EventDate "2023.??.??"]
[Annotator "rafael"]
[PlyCount "80"]
[Beauty "7631888457300"]
[EventType "team-tourn"]
[EventCountry "FID"]
[TimeControl "40/5400+30:1800+30"]

1.d4 d5 2.c4 e6 3.Nf3 a6 {A modern way of playing the Queen's Gambit.} 4.Bg5 ( 4.Nc3 dxc4 $1 {[%c_effect c4;square;c4;type;GreatFind;persistent;true] This shows the idea of playing ...a7-a6: the pawn can be defended now with …b7-b5.} ) ( 4.cxd5 {is the main move:} 4...exd5 5.Nc3 Nf6 {with a lot of opening theory.} ) 4...Be7 5.Bxe7 Qxe7 6.e3 ( 6.Nbd2 {It's always possible to prepare the development of the bishop on g2 with} 6...Nf6 7.g3 ) 6...Nf6 7.Nbd2 ( 7.Nc3 {gave nothing for White in this high-profile blitz game:} 7...O-O 8.Rc1 Rd8 9.Qc2 dxc4 10.Bxc4 c5 {with equality in Nakamura-Carlsen, Abidjan (blitz) 2019.} ) 7...O-O 8.Rc1 Nc6 $5 {[%c_effect c6;square;c6;type;Interesting;persistent;true] Usually this is not a good square for the knight in similar pawn structures, but Black has a specific idea: to prepare …e6-e5.} 9.cxd5 {This avoids Black's plan at the cost of giving freedom to the c8-bishop.} ( 9.Bd3 {is critical:} 9...e5 ( 9...Rd8 10.O-O e5 11.cxd5 Nxd5 12.Rxc6 $1 {[%c_effect c6;square;c6;type;GreatFind;persistent;true] A typical exchange sacrifice.} 12...bxc6 13.Nxe5 {with excellent compensation.} ) 10.cxd5 Nxd5 11.Be4 Rd8 12.Rxc6 $1 bxc6 13.Nxe5 {White has compensation for the exchange in this complicated position. This was played in Krush-Avramidou, Chennai (Ol) 2022.} ) 9...exd5 10.Qb3 {A new move that doesn't offer anything special for White.} ( 10.Be2 Na7 $5 {[%c_effect a7;square;a7;type;Interesting;persistent;true] A typical idea: Black wants to play c6 and then Nb5-d6.} 11.O-O c6 {Sychev-Vallejo Pons, Moscow 2015.} ) 10...Qd6 {Not the best reaction.} ( 10...Na7 $5 {[%c_effect a7;square;a7;type;Interesting;persistent;true] The same plan can be tried here as well.} ) ( 10...Bf5 {is also good:} 11.Be2 ( 11.Qxb7 $2 {[%c_effect b7;square;b7;type;Mistake;persistent;true] is dangerous after} 11...Nb4 $1 ) 11...Nd8 {followed by c6 and Ne6, with equality.} ) 11.Bd3 Rb8 12.h3 ( 12.Qc3 {is a good move, preventing the c6-knight from moving and preparing Ne5 or Qc5.} ) 12...Ne7 13.g4 $5 {[%c_effect g4;square;g4;type;Interesting;persistent;true] A typical move of Mamedyarov's aggressive style. He starts play on the kingside even though his king cannot go to the other flank anymore.} 13...c6 14.Ne5 ( 14.Qc2 {is possibly even better, forcing Black to create some weakness due to the threat of g5.} ) 14...Nd7 ( 14...b6 $5 {[%c_effect b6;square;b6;type;Interesting;persistent;true] This is an interesting move, preparing …c6-c5 with counterplay.} ) 15.f4 Kh8 $6 ( 15...b6 {is necessary as Black needs to react quickly.} 16.Qc2 Qh6 {with complicated play.} ) 16.Qc2 ( 16.Bb1 $1 {[%c_effect b1;square;b1;type;GreatFind;persistent;true] is even stronger, preparing to bring the queen to d3 with a strong attack.} ) 16...f6 ( 16...Nxe5 {It's difficult to play this move, since White's pawns look very menacing. The computer, however, is not so scared.} 17.dxe5 Qh6 {A possible continuation is:} 18.Qc5 Re8 19.f5 b6 20.Qd4 c5 21.Qf4 Nc6 22.Nf3 ( 22.g5 $2 {[%c_effect g5;square;g5;type;Mistake;persistent;true] is bad due to} 22...Nxe5 $1 ) 22...Qxf4 23.exf4 {with a strange endgame where I prefer White.} ) 17.Nef3 g5 $6 {[%c_effect g5;square;g5;type;Inaccuracy;persistent;true] A brave (or crazy) move $1} ( 17...g6 {is objectively better, although White has a clear advantage.} ) 18.O-O $6 {[%c_effect g1;square;g1;type;Inaccuracy;persistent;true] White has many tempting options.} ( 18.Bxh7 {is not clear after} 18...gxf4 ) ( 18.fxg5 Qg3+ 19.Kd1 fxg5 {and now capturing on g5 allows counterplay after} 20.Nxg5 $6 h6 21.Ne6 Rf2 ) ( 18.f5 $1 {[%c_effect f5;square;f5;type;GreatFind;persistent;true] is the most accurate. If White manages to play h3-h4, the attack is decisive.} 18...b6 ( 18...Qg3+ 19.Kd1 $1 {[%c_effect d1;square;d1;type;GreatFind;persistent;true] White's plan is Be2-Nh1 and then h4. His position is much better.} ( 19.Kf1 c5 $1 20.dxc5 Nc6 {gives Black some hope.} ) ) 19.Nf1 c5 20.Qf2 ) 18...gxf4 19.exf4 Qxf4 20.Rce1 $6 ( 20.Kg2 {gives good compensation for the pawn after} 20...Qh6 21.Rce1 ) 20...Rf7 ( 20...Qg3+ {is also possible:} 21.Kh1 Rf7 ( 21...Qxh3+ $6 {[%c_effect h3;square;h3;type;Inaccuracy;persistent;true] This is too greedy:} 22.Nh2 Rf7 23.Nf3 $1 {[%c_effect f3;square;f3;type;GreatFind;persistent;true] Preparing g4-g5.} ) ) 21.Rf2 ( 21.Kg2 ) 21...Nf8 22.Nf1 Rg7 {It's clear that Mamedyarov didn't conduct the initiative in the best way.} 23.Qd2 Ne6 ( 23...Qxd2 $6 {[%c_effect d2;square;d2;type;Inaccuracy;persistent;true] is a mistake:} 24.N3xd2 Rf7 25.Ng3 {with a good position for White. The f6-pawn is weak.} ) 24.Re3 Qd6 25.Bc2 ( 25.Nh4 {is the best move, according to the computer. This is a sign that the position is already difficult to play for White.} ) 25...Bd7 {Black has a big advantage.} 26.Nh4 Ng5 $1 27.Kh1 b6 $1 {[%c_effect b6;square;b6;type;GreatFind;persistent;true] Tin prepares c6-c5. He is a pawn up and White has many weaknesses.} 28.b4 c5 29.bxc5 bxc5 30.dxc5 Qxc5 31.Rxf6 $2 ( 31.Qc3 {White's best chance is to seek salvation in an endgame a pawn down.} ) 31...d4 $1 32.Rb3 Rc8 33.Bd3 ( 33.Bb1 {is also losing after} 33...Be6 34.Rg3 Nd5 35.Rf2 Nc3 $1 ) 33...Nxh3 34.Bxa6 Bc6+ 35.Ng2 Rxg4 $4 {[%c_effect g4;square;g4;type;Blunder;persistent;true] A blunder in time trouble.} ( 35...Qe5 $1 {[%c_effect e5;square;e5;type;GreatFind;persistent;true] is the right way to win. The rook has no good squares.} 36.Rh6 Nf4 {winning material.} ) 36.Bxc8 Bxg2+ ( {After} 36...Rxg2 {White is saved by} 37.Rxc6 $1 {[%c_effect c6;square;c6;type;GreatFind;persistent;true] and the game ends in a draw, for example:} 37...Rg1+ 38.Kh2 Qxc6 39.Qxd4+ Kg8 40.Rg3+ Rxg3 41.Nxg3 Qxc8 42.Nh5 $1 Nf5 43.Qg4+ ) 37.Kh2 Qxc8 38.Ng3 $4 {[%c_effect g3;square;g3;type;Blunder;persistent;true] The last mistake in this dramatic game. It's certainly not easy to find the only saving move with little time on the clock.} ( 38.Qh6 $1 {[%c_effect h6;square;h6;type;GreatFind;persistent;true] The position is totally chaotic, but the machine indicates equality. The pieces are in almost random positions and it's very difficult to play when there are no recognizable patterns.} 38...Ng8 39.Rf8 Qc7+ 40.Rg3 {Somehow there are many drawing variations here. Let's see one of them:} 40...Bxf1 41.Qf6+ Rg7 ( 41...Qg7 $4 42.Rxg4 Qxf6 43.Rgxg8# ) 42.Qxg7+ Qxg7 43.Rxg7 Kxg7 44.Rxf1 Ng5 45.a4 Ne7 46.a5 Nc6 47.a6 ) 38...Bd5 $1 {[%c_effect d5;square;d5;type;GreatFind;persistent;true] Black is winning again.} 39.Qe2 ( 39.Kxh3 Rg6+ ) 39...Rh4 40.Qe5 Nf4+ {Mate is inevitable:} ( 40...Nf4+ 41.Kg1 Qc1+ 42.Kf2 ( 42.Nf1 Rh1+ ) 42...Rh2# ) 0-1

[Event "E World Cup 2023"]
[Site "Chess.com"]
[Date "2023.08.04"]
[Round "2"]
[White "Karthik Venkataraman"]
[Black "Nakamura, Hikaru"]
[Result "0-1"]
[WhiteElo "2565"]
[BlackElo "2787"]
[ECO "D30"]
[EventDate "2023.??.??"]
[Annotator "rafael"]
[PlyCount "100"]
[Beauty "7014776341037"]
[EventType "team-tourn"]
[EventCountry "FID"]
[TimeControl "40/5400+30:1800+30"]

1.Nf3 d5 2.d4 e6 3.c4 c5 4.cxd5 exd5 5.g3 Nc6 6.Bg2 Nf6 7.O-O Be7 {It's nice to see the Tarrasch Defense, an old Kasparov favorite, back in chess fashion.} 8.dxc5 ( 8.Nc3 O-O 9.Bg5 {This is the old main line. Now modern computers showed that the best move for Black is} 9...c4 $1 ) 8...Bxc5 9.a3 O-O ( 9...Ne4 {is an important alternative and probably the best move.} ) 10.b4 Bb6 11.Bb2 Bg4 12.Nc3 Re8 13.Na4 {Something went wrong for Nakamura in the opening. This position has been played by some strong GMs, but the computer already indicates a clear preference for White.} 13...Bc7 ( 13...Qe7 {didn't solve Black's problems after} 14.Nxb6 axb6 15.Re1 {Gukesh-Abdusattorov, Berlin (blitz) 2023.} ) 14.Nc5 Rb8 ( 14...b6 {is played most often.} ) 15.Rc1 Ne5 16.Bxe5 {A new move.} ( 16.Re1 {was played in Kobalia-Eljanov, Ubeda 2001.} ) ( 16.h3 $1 {was suggested by Nakamura in a post-game interview and it's the best.} 16...Bd7 {The best chance.} ( 16...Bh5 $2 {loses a piece to} 17.Nxe5 Bxe5 18.Bxe5 Rxe5 19.g4 Bg6 20.f4 ) ( 16...Nxf3+ $6 17.exf3 Bf5 18.f4 {The powerful bishops give White a clear advantage. The d-pawn is doomed.} ) ( 16...Bf5 17.Nxe5 Bxe5 18.Bxe5 Rxe5 19.g4 $1 {Black's pieces are poorly placed.} ) 17.Nxd7 Qxd7 18.Qb3 {White has a clear positional advantage with the bishop pair and a possible attack on the isolated queen's pawn.} ) 16...Bxe5 17.h3 Bxf3 {Nakamura said he thought he should be completely fine here.} ( 17...Bh5 $2 18.g4 ) 18.exf3 $5 {A thematic move to play f4 next.} ( 18.Bxf3 {is also possible, with a slight edge.} ) 18...a5 19.Qb3 ( 19.f4 $2 Bb2 ) 19...axb4 20.axb4 g5 $5 {What a difficult move to play. Nakamura was critical about it, but it's one of the top choices of my computer! The idea is to avoid f3-f4, but at the cost of weakening the f5-square and the kingside in general.} ( 20...Bd4 {is safer:} 21.Rfd1 Bxc5 22.Rxc5 ( 22.bxc5 Qc7 ) 22...Rc8 {with good drawing chances.} ) 21.Rfd1 Bd6 22.Qd3 Qe7 23.Qd2 {Preparing Re1, fighting for the open file.} 23...h6 24.Re1 Qf8 25.Qd4 Rxe1+ 26.Rxe1 Qg7 $2 ( 26...Re8 $1 {is the best move and the machine shows that Black is able to achieve a draw.} 27.Rxe8 ( 27.Rd1 Qe7 {is not dangerous.} ) 27...Nxe8 28.Qxd5 ( 28.Nxb7 Bxb4 29.f4 Qe7 30.Bxd5 Nf6 {White's knight is badly placed on b7.} ) 28...Bxc5 ( 28...b6 {is also playable.} ) 29.Qxc5 ( 29.bxc5 Ng7 30.Qxb7 Qxc5 {with a drawing position.} ) 29...Qxc5 30.bxc5 Ng7 31.f4 Ne6 32.fxg5 hxg5 33.Bxb7 Nxc5 {With pawns on the same flank, Black's path to a draw is not difficult.} ) 27.Bf1 h5 28.Bd3 $6 ( 28.Rd1 {is more accurate, protecting the queen and avoiding tricks that we will see in future variations.} 28...h4 29.g4 {with the advantage.} ) 28...h4 29.gxh4 ( 29.g4 {Now things are not so clear:} 29...b6 30.Na6 Re8 31.Rd1 Nh5 $1 {An important detail that gives black counterchances. This is why it's so important to have the queen on d4 protected.} 32.Qxd5 Rd8 $1 {with good chances since} 33.gxh5 $2 {loses the queen to} 33...Bh2+ ) 29...Qh6 $6 ( 29...gxh4+ $2 {is bad:} 30.Kh1 {with a strong attack on the g-file.} ) ( 29...Nh5 $1 {is the right way to go. Black has enough counterplay:} 30.Qxg7+ Kxg7 31.hxg5 Nf4 32.Bf5 b6 33.Nd7 ( 33.Nd3 Nxd3 34.Bxd3 Rh8 35.Kg2 Rh5 $1 {with a draw.} ) 33...Rh8 34.Nxb6 Bxb4 {Black's position is active and the draw is likely.} ) 30.Bf5 $1 ( 30.hxg5 $2 Qxh3 ) 30...gxh4 31.Kh1 Re8 32.Rg1+ Kf8 33.Nd3 Qh5 {Nakamura shows his usual resilience. It's impressive the amount of chances he is able to create in difficult positions.} 34.Bg4 ( 34.Qxf6 {leads to a draw after} 34...Qxf3+ 35.Rg2 Qd1+ 36.Rg1 Qf3+ ) 34...Qh6 35.Bf5 Qh5 36.Bg4 Qh6 37.b5 {White goes for the win. He has good reasons for optimism.} ( 37.Qb6 {is very tempting.} 37...Ng8 {The only move.} 38.Qxb7 Ne7 {Preparing f7-f5. White is a pawn up, but it's not so simple to win.} ) 37...Re7 38.Bc8 $5 Rc7 39.Bf5 Rc4 $2 {This move loses.} ( 39...Qh5 $1 40.Bg4 ( 40.Qxf6 {is again a draw:} 40...Qxf3+ 41.Rg2 Qd1+ 42.Rg1 Qf3+ ) 40...Qh6 {It's still not easy to break the resistance.} ) 40.Qb6 $2 ( 40.Qa1 $1 {The queen is ready to go to a8 and the attack is decisive, for instance:} 40...Ne8 41.Re1 $1 {Black is not surviving this. The bishop on f5 plays an important role, preventing Black's rook from coming back to the defense using the c8-square.} ) ( 40.Qa7 {is also tempting and good, although the machine believes 40.Qa1 is even better.} ) 40...Ne8 $1 {Great defense and counterattack. The game quickly turns around now.} 41.Qxb7 $2 ( 41.Bg4 {Maybe it's better just to come back with the bishop. The game has become double-edged.} ) 41...Qf6 $1 {This is the idea. The bishop is in trouble. It seems White is losing now, but there's still a chance.} 42.Qd7 $2 {The last mistake.} ( 42.Bg4 {It's actually not easy for Black to win the game after this move.} 42...Rxg4 ( 42...Rd4 {White also has chances after this move, if he finds some computer moves:} 43.Qc8 Rxd3 44.Re1 Be7 45.b6 $1 {with a complex position, since the pawn cannot be taken:} 45...Qxb6 $2 46.Bd7 {and Black no longer can take the f3-pawn with the queen.} ) 43.Rxg4 Qxf3+ 44.Kg1 Qxh3 ( 44...Qxd3 45.Rxh4 {also keeps the game going.} ) 45.Qd7 $1 {Surprisingly Black is not mating with 45...Bh2+ and after} 45...Qxd3 46.Rxh4 {the game is not yet over.} ) 42...Rc7 43.Rg8+ Kxg8 44.Qxe8+ Kg7 45.Bg4 Qe7 46.Qa8 ( 46.Qxe7 Rxe7 {followed by ...Rb7 and capturing the b5-pawn.} ) 46...Qe2 47.Qa1+ Kg8 48.b6 Rc3 49.Qg1 Kf8 50.Nc1 Qc2 {A fantastic comeback by Nakamura.} 0-1